 Dungeon Crawl Stone Soup version 0.30.0-15-g856e2d3f33 (webtiles) character file.

Game seed: 6935532132039380496

6774 qw the Cleaver (level 11, -1/71 HPs)
             Began as a Gargoyle Fighter on May 20, 2023.
             Slain by a two-headed ogre
             ... wielding a +0 giant club
              (16 damage)
             ... on level 9 of the Dungeon.
             The game lasted 00:04:52 (10134 turns).

qw the Cleaver (Gargoyle Fighter)                  Turns: 10134, Time: 00:04:53

Health: -1/71      AC: 34    Str: 25    XL:     11   Next: 4%
Magic:  11/11      EV: 12    Int:  8    God:
Gold:   469        SH:  4    Dex:  9    Spells: 10/10 levels left

rFire   + . .        Y - +1 war axe
rCold   . . .        c - +0 buckler
rNeg    + . .        j - +10 plate armour of the Apprentice {Stlth+}
rPois   inf          o - +0 helmet
rElec   +            (no cloak)
rCorr   .            i - +0 pair of gloves
SInv    .            (no boots)
Will    .....        (no amulet) Stlth
                     b - +5 ring of evasion
HPRegen 0.31/turn    a - ring of protection from fire
MPRegen 0.12/turn

%: no passive effects
@: no status effects
A: sickness immunity, AC +8, negative energy resistance 1, electricity
resistance, torment resistance 1, petrification resistance
a: no special abilities


You were on level 9 of the Dungeon.
You visited 2 branches of the dungeon, and saw 10 of its levels.

You collected 469 gold pieces.


Innate Abilities, Weirdness & Mutations

You are immune to sickness and miasma.
Your stone body is resilient. (AC +8)
You are immune to poison.
You resist negative energy. (rN+)
You are resistant to electric shocks. (rElec)
You are resistant to unholy torment.
You are immune to petrification.


   Skills:
 - Level 9.5 Fighting
 + Level 11.0 Axes
 - Level 1.2 Throwing
 - Level 8.0 Armour
 - Level 2.1 Dodging
 - Level 5.0 Shields


You had 10 spell levels left.
You didn't know any spells.
Your spell library was empty.

Inventory:

Hand Weapons
 f - a +3 morningstar
 Y - a +1 war axe (weapon)
Missiles
 s - 2 boomerangs (quivered)
Armour
 c - a +0 buckler (worn)
 h - +0 acid dragon scales
 i - a +0 pair of gloves (worn)
 j - the +10 plate armour of the Apprentice (worn) {Stlth+}
   (You acquired it on level 8 of the Dungeon)

   Stlth:     It makes you more stealthy.
 o - a +0 helmet (worn)
Jewellery
 a - a ring of protection from fire (right hand)
 b - a +5 ring of evasion (left hand)
 q - a ring of positive energy
Scrolls
 k - 6 scrolls of identify
Potions
 d - 2 potions of might
 e - a potion of haste
 g - 2 potions of curing
 l - a potion of heal wounds
 n - a potion of lignification
 p - a potion of resistance

Dungeon Overview and Level Annotations

Branches:
Dungeon (9/15)             Temple (1/1) D:7
   Lair: D:8-11         Orc: D:9-12

Altars:
Ashenzari
Cheibriados
Dithmenos
Elyvilon
Fedhas
Gozag
Hepliaklqana
Kikubaaqudgha
Makhleb
Nemelex Xobeh
Qazlal
Ru
Sif Muna
Trog
Uskayaw
Vehumet
Wu Jian
Xom
Yredelemnul
Zin
The Shining One


Message History

You kill the killer bee!
You slash the killer bee! You closely miss the two-headed ogre.
The killer bee barely misses you.
The two-headed ogre hits you but does no damage.
The two-headed ogre hits you with a +0 giant spiked club.
The killer bee stings you but does no damage.
The killer bee stings you.
Your Armour skill increases to level 8!
You barely miss the killer bee.
The killer bee is severely wounded.
You closely miss the killer bee.
You hit the two-headed ogre but do no damage.
The killer bee closely misses you. x3; You block the killer bee's attack.
The two-headed ogre hits you with a +0 giant club.
The two-headed ogre hits you but does no damage.
You slice the killer bee!!
You kill the killer bee!
You slash the killer bee! You hit the two-headed ogre.
The killer bee stings you but does no damage.
You miss the killer bee.
The killer bee is heavily wounded.
You hit the two-headed ogre.
The killer bee stings you but does no damage.
The killer bee stings you. The two-headed ogre closely misses you.
The two-headed ogre barely misses you.
You barely miss the killer bee.
The killer bee is heavily wounded.
You slash the two-headed ogre! The killer bee stings you.
The killer bee stings you but does no damage.
You hit the two-headed ogre.
The two-headed ogre is heavily wounded.
You slash the killer bee!
You kill the killer bee!
The two-headed ogre closely misses you. x2
You hit the two-headed ogre.
The two-headed ogre is heavily wounded.
The two-headed ogre hits you with a +0 giant club.
The two-headed ogre hits you with a +0 giant spiked club!
You die...

...............#.....#.#...#.....
...............#.....#.#...'.....
...............#'#####.#...#.....
#######................#...#.....
#................#...#.....
#....######'##...#...#.....
#....#.......#...#####.....
##....#.....###.............
#.....#...%@#.<...%...#####.
#.....#....O#.........# #.
#.....#.....###.......# #.
#.....#...... #.......# #.
######.....#...... #.......# #.
...........#.......#.......#####.
...........#.......#...........<.
...#######.#.......#.......###'##
...'.....#.# #.......#....#


You could see a two-headed ogre.

Vanquished Creatures
  A two-headed ogre (D:7)
  A centaur warrior (D:8)
  An ugly thing (D:9)
  A kobold demonologist (D:9)
  A troll (D:9)
  A shadow (D:6)
  2 wyverns
  4 steam dragons
  Menkaure (D:4)
  A sky beast (D:7)
  2 orc warriors
  A black bear (D:7)
  2 ice beasts
  3 ogres
  A centaur (D:8)
  Blork the orc (D:4)
  3 bullfrogs
  A gnoll sergeant (D:6)
  5 scorpions
  9 wights
  10 killer bees
  5 howler monkeys
  3 hounds
  4 jellies
  7 orc priests
  4 iguanas
  10 orc wizards
  Robin (D:4)
  10 adders
  3 gnolls (D:4)
  A shadow imp (D:7)
  A white imp (D:8)
  An ufetubus (D:6)
  A worm (D:4)
  3 dart slugs
  30 orcs
  10 ball pythons
  8 endoplasms
  4 giant cockroaches
  14 goblins
  9 hobgoblins
  8 jackals
  15 kobolds
  4 quokkas
  10 bats
  8 frilled lizards
  9 rats
235 creatures vanquished.

Vanquished Creatures (others)
  An orc wizard (D:9)
1 creature vanquished.

Grand Total: 236 creatures vanquished

Notes
Turn   | Place    | Note
-------+----------+-------------------------------------------
     0 | D:1      | qw the Gargoyle Fighter began the quest for the Orb.
     0 | D:1      | Reached XP level 1. HP: 14/14 MP: 1/1
     0 | D:1      | 0 ||| qw: Version: 0.2-a-97-g499787f
     0 | D:1      | 0 ||| qw: Game counter: 50
     0 | D:1      | 0 ||| qw: Always use a shield: true
     0 | D:1      | 0 ||| qw: God list: Okawaru
     0 | D:1      | 0 ||| qw: Allow faded altars: false
     0 | D:1      | 0 ||| qw: Do Orc after D:15 true
     0 | D:1      | 0 ||| qw: Do second Lair branch before Depths: true
     0 | D:1      | 0 ||| qw: Lair rune preference: random
     0 | D:1      | 0 ||| qw: Plans: Normal, Zot:1-4, God:TSO, Crypt, Tomb,
                  | Pan, Slime:5, Hells, Abyss, Win
     0 | D:1      | 0 ||| PLANNING D:1-11
    31 | D:1      | 31 ||| Stepping ~*~*~tactically~*~*~ (hiding).
    42 | D:1      | Reached skill level 2 in Axes
    78 | D:1      | 78 ||| Stepping ~*~*~tactically~*~*~ (hiding).
    79 | D:1      | 79 ||| Stepping ~*~*~tactically~*~*~ (hiding).
    85 | D:1      | Reached XP level 2. HP: 19/19 MP: 2/2
    88 | D:1      | 88 ||| Stepping ~*~*~tactically~*~*~ (stealth).
   133 | D:1      | 133 ||| Stepping ~*~*~tactically~*~*~ (stealth).
   313 | D:1      | 313 ||| READING 2 scrolls labelled IPHO DESOSO.
   314 | D:1      | 314 ||| Stepping ~*~*~tactically~*~*~ (hiding).
   315 | D:1      | 315 ||| Stepping ~*~*~tactically~*~*~ (hiding).
   408 | D:1      | Reached skill level 3 in Axes
   504 | D:1      | Reached XP level 3. HP: 23/23 MP: 3/3
   592 | D:1      | 592 ||| UPGRADING to +0 pair of gloves.
   637 | D:1      | 637 ||| READING scroll labelled QOBIEQUEHU.
   638 | D:1      | 638 ||| READING 2 scrolls labelled EXUSEID KAFF.
   852 | D:2      | HP: 5/23 [hobgoblin/+0 short sword (4)]
   853 | D:2      | 853 ||| READING 2 scrolls of teleportation.
   855 | D:2      | HP: 2/23 [goblin/+0 club (3)]
   858 | D:2      | 858 ||| READING scroll of teleportation.
  1022 | D:2      | Reached XP level 4. HP: 28/28 MP: 4/4
  1064 | D:2      | 1064 ||| Stepping ~*~*~tactically~*~*~ (stealth).
  1066 | D:2      | 1066 ||| Stepping ~*~*~tactically~*~*~ (stealth).
  1069 | D:2      | 1069 ||| Stepping ~*~*~tactically~*~*~ (stealth).
  1216 | D:2      | Found a faded altar of an unknown god.
  1232 | D:2      | Found a faded altar of an unknown god.
  1276 | D:2      | Identified the staff of cold "Sick" {Contam rC+ rN+ Int+2
                  | Stlth+}
  1484 | D:2      | 1484 ||| UPGRADING to +0 acid dragon scales.
  1494 | D:2      | 1494 ||| DROPPING +0 scale mail.
  1495 | D:2      | 1495 ||| DROPPING ring of flight.
  1525 | D:3      | Reached skill level 4 in Axes
  1681 | D:3      | 1681 ||| Stepping ~*~*~tactically~*~*~ (hiding).
  1740 | D:3      | 1740 ||| Stepping ~*~*~tactically~*~*~ (stealth).
  1791 | D:3      | 1791 ||| Stepping ~*~*~tactically~*~*~ (stealth).
  1866 | D:3      | Reached XP level 5. HP: 32/32 MP: 5/5
  1909 | D:3      | 1909 ||| Stepping ~*~*~tactically~*~*~ (stealth).
  2082 | D:3      | Identified the +3 sling "Uwkenan" {flame, Str+2}
  2271 | D:3      | Found a sacrificial altar of Ru.
  2317 | D:3      | 2317 ||| UPGRADING to +0 chain mail.
  2327 | D:3      | 2327 ||| DROPPING amulet of faith.
  2328 | D:3      | 2328 ||| READING 2 scrolls labelled KIENOC QOEMAUP.
  2329 | D:3      | 2329 ||| READING scroll labelled SOARICS MAWNIO.
  2330 | D:3      | 2330 ||| READING scroll labelled LYIMPO LUNUCH.
  2331 | D:3      | 2331 ||| DRINKING 2 fuming silvery potions.
  2332 | D:3      | 2332 ||| DRINKING 2 bubbling pink potions.
  2333 | D:3      | 2333 ||| DROPPING potion of flight.
  2334 | D:3      | 2334 ||| DROPPING scroll of amnesia.
  2376 | D:4      | 2376 ||| Stepping ~*~*~tactically~*~*~ (hiding).
  2483 | D:4      | Noticed Blork the orc
  2489 | D:4      | HP: 8/32 [Blork the orc/+0 long sword (10)]
  2490 | D:4      | 2490 ||| READING 2 scrolls of teleportation.
  2491 | D:4      | HP: 2/32 [Blork the orc/+0 long sword (7)]
  2615 | D:4      | Killed Blork the orc
  2616 | D:4      | Reached skill level 5 in Axes
  2621 | D:4      | 2621 ||| Stepping ~*~*~tactically~*~*~ (hiding).
  2623 | D:4      | 2623 ||| Stepping ~*~*~tactically~*~*~ (hiding).
  2625 | D:4      | 2625 ||| Stepping ~*~*~tactically~*~*~ (hiding).
  2626 | D:4      | 2626 ||| Stepping ~*~*~tactically~*~*~ (hiding).
  2641 | D:4      | 2641 ||| Stepping ~*~*~tactically~*~*~ (stealth).
  2650 | D:4      | Reached XP level 6. HP: 35/38 MP: 6/6
  2682 | D:4      | 2682 ||| Stepping ~*~*~tactically~*~*~ (hiding).
  2704 | D:4      | Found a shadowy altar of Dithmenos.
  2761 | D:4      | 2761 ||| Stepping ~*~*~tactically~*~*~ (hiding).
  2894 | D:4      | 2894 ||| Stepping ~*~*~tactically~*~*~ (stealth).
  2967 | D:4      | 2967 ||| DROPPING +0 whip.
  3098 | D:4      | 3098 ||| Stepping ~*~*~tactically~*~*~ (stealth).
  3167 | D:4      | Reached skill level 6 in Axes
  3332 | D:4      | Noticed Menkaure
  3333 | D:4      | 3333 ||| Stepping ~*~*~tactically~*~*~ (hiding).
  3349 | D:4      | Killed Menkaure
  3350 | D:4      | Reached XP level 7. HP: 13/43 MP: 7/7
  3425 | D:4      | 3425 ||| Stepping ~*~*~tactically~*~*~ (stealth).
  3426 | D:4      | 3426 ||| Stepping ~*~*~tactically~*~*~ (stealth).
  3431 | D:4      | 3431 ||| Stepping ~*~*~tactically~*~*~ (stealth).
  3434 | D:4      | 3434 ||| Stepping ~*~*~tactically~*~*~ (stealth).
  3556 | D:4      | Noticed Robin
  3585 | D:4      | Killed Robin
  3764 | D:4      | 3764 ||| UPGRADING to +0 plate armour.
  3774 | D:4      | 3774 ||| DROPPING +0 chain mail.
  3775 | D:4      | 3775 ||| UPGRADING to +0 helmet.
  3780 | D:4      | 3780 ||| READING scroll labelled VENUIT COD RINT.
  3781 | D:4      | 3781 ||| READING scroll labelled BUKAERH DOENKA.
  3782 | D:4      | 3782 ||| DRINKING 2 murky puce potions.
  3788 | D:4      | 3788 ||| READING 2 scrolls of identify.
  3788 | D:4      | 3788 ||| IDENTIFYING metallic red potion
  3789 | D:4      | 3789 ||| DROPPING potion of ambrosia.
  3814 | D:5      | Entered Level 5 of the Dungeon
  3822 | D:5      | 3822 ||| STAIRDANCE
  3930 | D:5      | 3930 ||| Stepping ~*~*~tactically~*~*~ (stealth).
  3942 | D:5      | 3942 ||| Stepping ~*~*~tactically~*~*~ (hiding).
  3989 | D:5      | 3989 ||| Stepping ~*~*~tactically~*~*~ (stealth).
  4042 | D:5      | 4042 ||| Stepping ~*~*~tactically~*~*~ (stealth).
  4119 | D:5      | Found a shimmering blue altar of Sif Muna.
  4119 | D:5      | Found a broken altar of Ashenzari.
  4195 | D:5      | HP: 10/43 [orc priest/+0 flail (6)]
  4196 | D:5      | 4196 ||| READING 2 scrolls of teleportation.
  4197 | D:5      | 4197 ||| DRINKING potion of heal wounds.
  4200 | D:5      | Reached skill level 7 in Axes
  4200 | D:5      | Reached XP level 8. HP: 32/48 MP: 8/8
  4327 | D:5      | 4327 ||| DROPPING +0 flail.
  4361 | D:5      | Found a burning altar of Makhleb.
  4504 | D:5      | 4504 ||| Stepping ~*~*~tactically~*~*~ (stealth).
  4518 | D:5      | 4518 ||| Stepping ~*~*~tactically~*~*~ (hiding).
  4745 | D:5      | 4745 ||| UPGRADING to +5 ring of evasion.
  4746 | D:5      | 4746 ||| READING scroll labelled NIHERR XIGOEWK.
  4847 | D:5      | 4847 ||| DRINKING 2 purple potions.
  5076 | D:6      | HP: 10/49 [steam dragon/ball of steam (18)]
  5077 | D:6      | 5077 ||| READING scroll of teleportation.
  5079 | D:6      | Reached skill level 8 in Axes
  5079 | D:6      | 5079 ||| Stepping ~*~*~tactically~*~*~ (cloud).
  5298 | D:6      | Noticed a shadow
  5311 | D:6      | Killed a shadow
  5473 | D:6      | Reached skill level 6 in Fighting
  5473 | D:6      | Reached XP level 9. HP: 48/55 MP: 9/9
  5811 | D:6      | 5811 ||| Stepping ~*~*~tactically~*~*~ (stealth).
  5823 | D:6      | 5823 ||| Stepping ~*~*~tactically~*~*~ (stealth).
  5943 | D:6      | 5943 ||| Stepping ~*~*~tactically~*~*~ (hiding).
  5944 | D:6      | 5944 ||| Stepping ~*~*~tactically~*~*~ (hiding).
  6069 | D:6      | Found an ancient bone altar of Kikubaaqudgha.
  6117 | D:6      | Found a sparkling altar of Nemelex Xobeh.
  6327 | D:6      | 6327 ||| UPGRADING to ring of positive energy.
  6328 | D:6      | 6328 ||| READING 2 scrolls labelled VUM ZAAMUMMUUSK.
  6329 | D:6      | 6329 ||| DROPPING scroll of fog.
  6370 | D:7      | Reached skill level 9 in Axes
  6429 | D:7      | 6429 ||| DROPPING +2 heavy flail.
  6448 | D:7      | Reached skill level 6 in Armour
  6676 | D:7      | 6676 ||| Stepping ~*~*~tactically~*~*~ (hiding).
  6682 | D:7      | 6682 ||| Stepping ~*~*~tactically~*~*~ (stealth).
  6688 | D:7      | 6688 ||| Stepping ~*~*~tactically~*~*~ (hiding).
  6845 | D:7      | 6845 ||| Stepping ~*~*~tactically~*~*~ (hiding).
  6847 | D:7      | 6847 ||| Stepping ~*~*~tactically~*~*~ (stealth).
  7517 | D:7      | Found a staircase to the Ecumenical Temple.
  7518 | D:7      | 7518 ||| PLANNING TEMPLE
  7518 | D:7      | 7518 ||| UPGRADING to ring of protection from fire.
  7520 | D:7      | 7520 ||| READING 2 scrolls of identify.
  7520 | D:7      | 7520 ||| IDENTIFYING lumpy silvery potion
  7526 | Temple   | Entered the Ecumenical Temple
  7711 | Temple   | 7711 ||| PLANNING D:1-11
  7823 | D:8      | Noticed a two-headed ogre
  7828 | D:8      | 7828 ||| STAIRDANCE
  7836 | D:7      | Killed a two-headed ogre
  7837 | D:7      | Reached skill level 10 in Axes
  7837 | D:7      | Reached XP level 10. HP: 25/63 MP: 10/10
  8189 | D:8      | 8189 ||| Stepping ~*~*~tactically~*~*~ (hiding).
  8192 | D:8      | 8192 ||| Stepping ~*~*~tactically~*~*~ (hiding).
  8193 | D:8      | 8193 ||| Stepping ~*~*~tactically~*~*~ (hiding).
  8194 | D:8      | 8194 ||| Stepping ~*~*~tactically~*~*~ (hiding).
  8195 | D:8      | 8195 ||| Stepping ~*~*~tactically~*~*~ (hiding).
  8198 | D:8      | 8198 ||| DRINKING 2 potions of curing.
  8198 | D:8      | 8198 ||| (to cure confusion)
  8322 | D:8      | Reached skill level 1 in Throwing
  8823 | D:8      | Noticed a centaur warrior
  8830 | D:8      | Killed a centaur warrior
  8879 | D:8      | Noticed a centaur warrior
  8880 | D:8      | 8880 ||| Stepping ~*~*~tactically~*~*~ (stealth).
  8886 | D:8      | 8886 ||| Stepping ~*~*~tactically~*~*~ (hiding).
  8905 | D:8      | HP: 14/64 [centaur warrior (7)]
  8906 | D:8      | 8906 ||| READING scroll of teleportation.
  8906 | D:8      | HP: 6/64 [centaur warrior (8)]
  9363 | D:8      | 9363 ||| READING scroll labelled BETE DEOCOKUE.
  9364 | D:8      | 9364 ||| READING scroll labelled PYESCHO FUNOACEKH.
  9364 | D:8      | Identified a scroll of acquirement
  9364 | D:8      | 9364 ||| ACQUIRING +10 plate armour of the Apprentice
                  | {Stlth+}
  9364 | D:8      | Acquired the +10 plate armour of the Apprentice {Stlth+}
  9366 | D:8      | 9366 ||| UPGRADING to +10 plate armour of the Apprentice
                  | {Stlth+}.
  9376 | D:8      | 9376 ||| DROPPING +0 plate armour.
  9377 | D:8      | 9377 ||| READING 6 scrolls of identify.
  9377 | D:8      | 9377 ||| IDENTIFYING fizzy black potion
  9378 | D:8      | 9378 ||| READING 5 scrolls of identify.
  9378 | D:8      | 9378 ||| IDENTIFYING blue potion
  9379 | D:8      | 9379 ||| DROPPING potion of invisibility.
  9470 | D:9      | 9470 ||| Stepping ~*~*~tactically~*~*~ (hiding).
  9490 | D:9      | Reached skill level 11 in Axes
  9583 | D:9      | Noticed a kobold demonologist
  9586 | D:9      | Noticed a sixfirhy
  9611 | D:9      | Noticed a soul eater
  9613 | D:9      | Noticed a smoke demon
  9617 | D:9      | Killed a kobold demonologist
  9681 | D:9      | Noticed a white ugly thing
  9698 | D:9      | Killed a white ugly thing
  9699 | D:9      | Reached skill level 9 in Fighting
 10100 | D:9      | Reached XP level 11. HP: 71/71 MP: 11/11
 10118 | D:9      | Noticed a two-headed ogre
 10134 | D:9      | HP: 15/71 [two-headed ogre/+0 giant club (5)]
 10134 | D:9      | Slain by a two-headed ogre

Levels and vault maps discovered:
D:1:      dpeg_arrival_tiny_a, layout_loops_ring, serial_glass, glass_columns_a,
          glass_columns_b
D:2:      layout_basic, hellmonk_ecumenical_altar_the_god_not_taken
D:3:      minmay_angry_zag, layout_basic, nicolae_ru_the_path_less_chosen,
          minmay_misc_feat_five
D:4:      layout_loops_ring, lemuel_tele_altar, uniq_menkaure,
          uniq_blork_the_orc, uniq_robin
D:5:      layout_gridville, marbit_many_paths,
          gammafunk_temple_overflow_elements
D:6:      layout_loops_corners, nemelex_dance_club_becter,
          lemuel_coloured_pillars_altar, minmay_between
D:7:      layout_loops_corners, minmay_temple_entry_enclosed_plants,
          serial_bayou_pond_e
D:8:      layout_layer_cave, minmay_manual_mullet
D:9:      gammafunk_indiana_jones, layout_irregular_city
Temple:   nicolae_temple_bog_church

Skill      XL: |  1  2  3  4  5  6  7  8  9 10 11 |
---------------+----------------------------------+-----
Axes           | 2 3 4 5 6 7 8 10 11 | 11.0
Fighting       | 4 6 7 9 |  9.5
Dodging        | 2 |  2.1
Armour         | 4 5 6 7 8 |  8.0
Shields        | 4 5 |  5.0
Throwing       | 1 |  1.2

Action                     |  1- 3 |  4- 6 |  7- 9 | 10-12 || total
---------------------------+-------+-------+-------+-------++-------
  Melee: War axe           |   121 |   209 |   337 |   197 ||   864
  Throw: Boomerang         |       |       |       |    18 ||    18
    Use: Scroll            |     5 |     4 |     8 |     5 ||    22
         Potion            |       |     2 |     3 |     1 ||     6
 Armour: Scale mail        |    92 |    12 |       |       ||   104
         Acid dragon scale |       |    56 |       |       ||    56
         Chain mail        |       |    40 |    27 |       ||    67
         Plate armour      |       |       |   158 |   200 ||   358
  Dodge: Dodged            |    71 |    88 |   125 |   159 ||   443
  Block: Buckler           |    15 |    36 |    56 |    59 ||   166

Table legend:
 A = Non-vault XP
 B = Vault XP
 C = Vault XP percentage of total XP
 D = Non-vault monster count
 E = Vault monster count
 F = Vault count percentage of total count
                 A         B        C        D         E       F
            +---------+---------+-------+---------+---------+-------
      Total |    7750 |    1928 |  19.9 |     202 |      33 |  14.0
            +---------+---------+-------+---------+---------+-------
        D:1 |      37 |       0 |   0.0 |      22 |       0 |   0.0
        D:2 |      58 |       0 |   0.0 |      29 |       0 |   0.0
        D:3 |      72 |       8 |  10.0 |      21 |       5 |  19.2
        D:4 |     454 |     298 |  39.6 |      27 |      14 |  34.1
        D:5 |     728 |      13 |   1.8 |      31 |       1 |   3.1
        D:6 |     868 |     317 |  26.8 |      14 |       6 |  30.0
        D:7 |    2378 |       0 |   0.0 |      22 |       0 |   0.0
        D:8 |     815 |    1292 |  61.3 |      18 |       7 |  28.0
        D:9 |    2340 |       0 |   0.0 |      18 |       0 |   0.0
            +---------+---------+-------+---------+---------+-------
